 Dungeon Crawl Stone Soup version 0.27.1-33-g824d729ab1 (webtiles) character file.

Game seed: 5047595720588015051

893 pkoi the Ruffian (level 7, -19/55 HPs)
             Began as a Black Draconian Brigand on Nov 30, 2021.
             Was an Initiate of the Shining One.
             Blown up by Ijyb (23 damage)
             ... with a mindburst bolt
             ... on level 5 of the Dungeon.
             The game lasted 00:07:31 (7442 turns).

pkoi the Ruffian (Black Draconian Brigand)          Turns: 7442, Time: 00:07:32

Health: -19/55     AC:  8    Str: 14    XL:     7   Next: 78%
Magic:  10/10      EV: 15    Int: 13    God:    the Shining One [......]
Gold:   305        SH:  0    Dex: 12    Spells: 10/11 levels left

rFire    . . .     SeeInvis .     - Unarmed
rCold    . . .     Faith    .   (no shield)
rNeg     . . .     Spirit   .   (armour unavailable)
rPois    .         Reflect  .   (helmet restricted)
rElec    +         Harm     .   b - +1 cloak
rCorr    .         Rampage  .   (no gloves)
Will     .....                  (no boots)
Stlth    +.........             (no amulet)
HPRegen  0.18/turn              n - +4 ring of evasion
MPRegen  0.12/turn              (no ring)

@: glowing
A: breathe lightning, AC +6, unfitting armour, electricity resistance,
cold-blooded
a: Breathe Lightning, Renounce Religion


You were on level 5 of the Dungeon.
You worshipped the Shining One.
The Shining One was noncommittal.
You visited 1 branch of the dungeon, and saw 5 of its levels.

You collected 305 gold pieces.

Inventory:

Hand Weapons
 a - a +3 dagger
Missiles
 c - 29 poisoned darts (quivered)
 d - 2 curare-tipped darts
 u - 3 boomerangs of dispersal
Armour
 b - a +1 cloak (worn)
Jewellery
 n - a +4 ring of evasion (left hand)
Scrolls
 f - 2 scrolls of teleportation
 g - a scroll of blinking
 j - a scroll of identify
 k - a scroll of enchant armour
 l - a scroll of amnesia
 m - 3 scrolls of vulnerability
Potions
 e - 2 potions of curing
 h - a potion of mutation {unknown}
 i - a potion of might
 o - 2 potions of heal wounds {unknown}
 q - 2 potions of attraction {unknown}
 r - a potion of lignification
 s - 2 potions of ambrosia


   Skills:
 - Level 2.1 Fighting
 - Level 2.0 Short Blades
 - Level 1.7 Throwing
 - Level 0.8 Dodging
 - Level 3.6 Stealth
 + Level 6.9 Unarmed Combat
 + Level 2.5 Spellcasting
 + Level 2.8 Transmutations
 + Level 2.8 Poison Magic


You had 10 spell levels left.
You knew the following spells:

 Your Spells              Type           Power      Damage    Failure   Level
a - Sting                 Tmut/Pois      32%        1d4       8%          1

Your spell library contained the following spells:

 Spells                   Type           Power      Damage    Failure   Level
 Poisonous Vapours        Pois/Air       10%        N/A       21%         2
 Magic Dart               Conj           4%         1d3       24%         1
 Searing Ray              Conj           2%         3d3       36%         2
 Olgreb's Toxic Radiance  Pois           9%         N/A       58%         4
 Fulminant Prism          Conj/Hex       0%         3d6       94%         4


Dungeon Overview and Level Annotations

Branches:
Dungeon (5/15)
 Temple: D:4-7

Altars:
Cheibriados
Fedhas
Kikubaaqudgha
Qazlal
Ru
Zin
The Shining One

Annotations:
D:5 Ijyb


Innate Abilities, Weirdness & Mutations

You can breathe wild blasts of lightning.
Your glossy black scales are hard. (AC +6)
You cannot fit into any form of body armour.
You are resistant to electric shocks. (rElec)
You are cold-blooded and may be slowed by cold attacks.


Message History

No target in view!
No target in view!
No target in view!
Found a scroll of enchant armour.
k - a scroll of enchant armour You open the door.
There is an open door here.
You open the door.
There is an open door here.
Found a scroll of amnesia.
l - a scroll of amnesia No target in view!
No target in view!
No target in view!
There is a stone staircase leading up here.
You open the door.
There is a stone staircase leading up here.
Ijyb the Twisted Goblin comes into view.
She is wielding a +0 club and carrying a wand of mindburst (11).
Ijyb is nearby!
Ijyb is nearby!
Ijyb is nearby!
Ijyb zaps a wand.
Your mind is blasted!
You hit Ijyb.
Ijyb is moderately wounded.
Ijyb barely misses you.
You hit Ijyb.
Your tail-slap misses Ijyb.
Ijyb is heavily wounded.
Ijyb misses you.
You hit Ijyb.
Ijyb is severely wounded.
Ijyb zaps a wand.
Your mind is blasted!
You completely miss Ijyb.
Ijyb is severely wounded.
Ijyb zaps a wand.
Your mind is blasted!
Ouch! That really hurt!
* * * LOW HITPOINT WARNING * * *
You closely miss Ijyb.
Ijyb is severely wounded.
Ijyb zaps a wand.
Your mind is blasted!
You die...

########.#..##.#.#.#####
#..# #.#......"......# #..#
#.##.##...#.###.# #..#
#.#......<#.# #..#
#.#..##..##.###+ ####
#.#.............
#.##.#.#.###....
#.#....#........
#.#....#@g#.. #.........+
... ########.......#.# ..
#......<.........# #
#.##........############
#..'........'..........#####
####........##########.....#
. #..............# #.....# .
#..............# #.....#+##.


You could see Ijyb.

Vanquished Creatures
  Sigmund (D:2)
  An ogre (D:4)
  A phantom (D:4)
  2 scorpions (D:4)
  A bullfrog zombie (D:5)
  2 orc priests
  A hound (D:5)
  A bullfrog skeleton (D:4)
  2 hound skeletons (D:4)
  Robin (D:3)
  10 gnolls
  7 adders
  An ufetubus (D:4)
  An adder skeleton (D:5)
  A worm (D:2)
  A dart slug (D:4)
  18 orcs
  6 ball pythons
  3 bats
  8 endoplasms
  2 giant cockroaches
  14 goblins
  10 hobgoblins
  4 jackals (D:3)
  5 kobolds
  4 quokkas
  4 frilled lizards
  A rat (D:1)
113 creatures vanquished.

Vanquished Creatures (others)
  3 plants (D:4)
3 creatures vanquished.

Grand Total: 116 creatures vanquished

Notes
Turn   | Place    | Note
-------+----------+-------------------------------------------
     0 | D:1      | pkoi the Draconian Brigand began the quest for the Orb.
     0 | D:1      | Reached XP level 1. HP: 17/17 MP: 1/1
   223 | D:1      | Reached skill level 1 in Unarmed Combat
   669 | D:1      | Reached XP level 2. HP: 24/24 MP: 2/2
   934 | D:2      | Reached skill level 2 in Unarmed Combat
  1030 | D:1      | Reached XP level 3. HP: 3/29 MP: 3/3
  1315 | D:2      | Reached skill level 3 in Unarmed Combat
  1813 | D:2      | Noticed Sigmund
  2341 | D:2      | Reached XP level 4. HP: 35/36 MP: 4/4
  2443 | D:2      | Reached skill level 4 in Unarmed Combat
  2793 | D:2      | Found a faded altar of an unknown god.
  2815 | D:2      | Killed Sigmund
  2816 | D:2      | Reached skill level 5 in Unarmed Combat
  2816 | D:2      | Reached XP level 5. HP: 33/41 MP: 5/5
  3197 | D:3      | Reached XP level 6. HP: 14/48 MP: 6/6
  3506 | D:3      | Reached skill level 6 in Unarmed Combat
  3532 | D:3      | Noticed Robin
  3555 | D:3      | Killed Robin
  3929 | D:3      | Learned a level 1 spell: Sting
  4038 | D:3      | Found a stormy altar of Qazlal.
  4046 | D:3      | Found a snail-covered altar of Cheibriados.
  4779 | D:4      | Found a sacrificial altar of Ru.
  4919 | D:4      | Became a worshipper of Ru the Awakened
  4983 | D:4      | Reached skill level 1 in Spellcasting
  4983 | D:4      | Reached skill level 1 in Transmutations
  4983 | D:4      | Reached skill level 1 in Poison Magic
  5319 | D:4      | Found a glowing silver altar of Zin.
  5353 | D:4      | Your scales start taking on a glossy black colour.
  5353 | D:4      | Reached XP level 7. HP: 47/55 MP: 7/9
  5353 | D:4      | Gained mutation: You are resistant to electric shocks.
                  | (rElec) [Black Draconian growth]
  6846 | D:4      | Found a glowing golden altar of the Shining One.
  6957 | D:4      | Fell from the grace of Ru
  6957 | D:4      | Became a worshipper of the Shining One
  6965 | D:5      | Entered Level 5 of the Dungeon
  7336 | D:5      | Found a blossoming altar of Fedhas.
  7338 | D:5      | Found an ancient bone altar of Kikubaaqudgha.
  7434 | D:5      | Noticed Ijyb
  7442 | D:5      | Blown up by Ijyb

Illustrated notes

Levels and vault maps discovered:
D:1:      dpeg_chamrin_arrival_tetris, layout_basic
D:2:      layout_basic, basic_ecumenical_altar, uniq_sigmund
D:3:      layout_basic, mainiacjoe_overflow_catwalk_spiral,
          chequers_serial_rivers_room_b, minmay_fractal_squares_5, uniq_robin
D:4:      layout_loops_cross, mainiacjoe_overflow_small_starburst,
          tso_metal_star, lemuel_crystal_altar, serial_forest,
          infiniplex_forest_3_way, infiniplex_forest_lined_4_way,
          infiniplex_forest_lined_room_3, infiniplex_forest_clump_double,
          infiniplex_forest_clump_diagonal, infiniplex_forest_lined_3_way
D:5:      layout_basic, grunt_temple_overflow_growth_and_decay,
          minmay_temple_entry_nine_rooms, uniq_ijyb

Skill      XL: |  1  2  3  4  5  6  7 |
---------------+----------------------+-----
Unarmed Combat | 1 2 3 5 6 |  6.9
Spellcasting   | 1 2 |  2.5
Transmutations | 1 2 |  2.8
Poison Magic   | 1 2 |  2.8
Fighting       | |  2.1
Short Blades   | |  2.0
Throwing       | |  1.7
Dodging        | |  0.8
Stealth        | |  3.6

Action                   |  1- 3 |  4- 6 |  7- 9 || total
-------------------------+-------+-------+-------++-------
Melee: Dagger            |    88 |   153 |       ||   241
       Tailslap          |     5 |    29 |    15 ||    49
       Punch             |       |     6 |     6 ||    12
       Unarmed           |       |    75 |   148 ||   223
Throw: Dart              |    11 |    28 |       ||    39
  Use: Potion            |     1 |       |       ||     1
       Scroll            |       |     2 |    10 ||    12
 Stab: Sleeping          |     1 |     4 |     3 ||     8
Armor: Skin              |    21 |    49 |    29 ||    99
Dodge: Dodged            |    43 |   175 |    93 ||   311
